 Dungeon Crawl Stone Soup version 0.30-a0-772-g5528072125 (webtiles) character file.

Game seed: 13944951725449561164

37642 NinjaNoafa the Severer (level 13, -19/114 HPs)
             Began as a Hill Orc Fighter on Feb 11, 2023.
             Was an Elder of Fedhas.
             Killed by an exploding ballistomycete spore (33 damage)
             ... set off by their pet
             ... on level 3 of the Lair of Beasts on Feb 12, 2023.
             The game lasted 02:05:01 (12389 turns).

NinjaNoafa the Severer (Hill Orc Fighter)          Turns: 12389, Time: 02:05:02

Health: -19/114    AC: 27    Str: 26    XL:     13   Next: 98%
Magic:  22/23      EV: 10    Int:  8    God:    Fedhas [****..]
Gold:   441        SH:  0    Dex: 12    Spells: 12/12 levels left

rFire   + . .      SeeInvis +    a - +2 war axe (elec)
rCold   . . .      Faith    .    c - +0 buckler
rNeg    + + .      Spirit   .    F - +8 chain mail of Beogh, Jumping {rF+ rN+ Will- Stlth+}
rPois   .          Reflect  .    y - +0 helmet of Kaefrer {Str+4}
rElec   .          Harm     .    (no cloak)
rCorr   .          Rampage  .    g - +2 pair of gloves
Will    .....                    L - +1 pair of boots Stlth
                                 z - amulet of regeneration
HPRegen 1.19/turn                D - ring of see invisible
MPRegen 0.18/turn                K - ring of positive energy

@: confused, slowed, very slow
A: no striking features
a: Renounce Religion, Wall of Briars, Grow Ballistomycete, Overgrow


You were on level 3 of the Lair of Beasts.
You worshipped Fedhas.
Fedhas was greatly pleased with you.
You visited 3 branches of the dungeon, and saw 14 of its levels.
You also visited: Gauntlet and Volcano.

You collected 1086 gold pieces.
You spent 645 gold pieces at shops.

Inventory:

Hand Weapons
 a - a +2 war axe of electrocution (weapon)
 b - a +3 heavy flail
Missiles
 s - 23 poisoned darts
 t - 2 boomerangs
 x - a curare-tipped dart
 I - a throwing net
 P - 2 javelins (quivered)
Armour
 c - a +0 buckler (worn)
 g - a +2 pair of gloves (worn)
 y - the +0 helmet of Kaefrer (worn) {Str+4}
   (You found it on level 3 of the Lair of Beasts)

   Str:       It affects your strength (+4).
 F - the +8 chain mail of Beogh, Jumping (worn) {rF+ rN+ Will- Stlth+}
   (You found it on level 7 of the Dungeon)

   rF:        It protects you from fire.
   rN:        It protects you from negative energy.
   Will:      It decreases your willpower.
   Stlth:     It makes you more stealthy.
 L - a +1 pair of boots (worn)
Jewellery
 z - an amulet of regeneration (around neck)
 D - a ring of see invisible (left hand)
 H - an amulet of reflection
 K - a ring of positive energy (right hand)
 R - the ring "Touly" {Ice *Slow rElec rPois Will++}
   (You took it off a minotaur in a Gauntlet)

   [ring of ice]

   It enhances your ice magic.
   rF:        It makes you vulnerable to fire.
   rC:        It protects you from cold.
   rElec:     It insulates you from electricity.
   rPois:     It protects you from poison.
   *Slow:     It may slow you when you take damage.
   Will:      It greatly increases your willpower.
Wands
 m - a wand of mindburst (5)
 p - a wand of charming (1)
 v - a wand of roots (21)
 C - a wand of polymorph (5)
Scrolls
 e - 3 scrolls of fear
 f - 2 scrolls of blinking
 i - 5 scrolls of immolation
 l - 3 scrolls of poison
 n - a scroll of brand weapon
 r - 10 scrolls of teleportation
 w - 3 scrolls of vulnerability
 E - 2 scrolls of torment
 O - 6 scrolls of fog
Potions
 d - 2 potions of invisibility {unknown}
 h - 2 potions of heal wounds
 j - 2 potions of magic
 k - a potion of flight
 o - 4 potions of resistance
 q - 2 potions of brilliance
 A - a potion of berserk rage {unknown}
 B - a potion of mutation
 G - a potion of attraction {unknown}
 J - 4 potions of haste
 S - a potion of lignification {unknown}
 T - 2 potions of curing
Miscellaneous
 u - a phantom mirror
 M - a tin of tremorstones (2/2)
 N - a condenser vane
 Q - a box of beasts


   Skills:
 + Level 10.7 Fighting
 - Level 16.0 Axes
 + Level 4.4 Throwing
 + Level 10.6 Armour
 - Level 4.0 Dodging
 - Level 7.0 Shields
 - Level 14.3 Invocations
 + Level 7.9 Evocations


You had 12 spell levels left.
You didn't know any spells.
Your spell library contained the following spells:

 Spells                   Type           Power      Damage    Failure   Level
 Apportation              Tloc           0%         N/A       95%         1
 Beastly Appendage        Tmut           0%         N/A       95%         1
 Freeze                   Ice            0%         1d3       95%         1
 Magic Dart               Conj           0%         1d3       95%         1
 Necrotise                Necr           0%         1d4       95%         1
 Slow                     Hex            0%         N/A       95%         1
 Summon Small Mammal      Summ           0%         N/A       95%         1
 Searing Ray              Conj           0%         2d4       98%         2
 Static Discharge         Conj/Air       0%         2-2/arc   98%         2
 Sublimation of Blood     Necr           0%         N/A       98%         2
 Wereblood                Tmut           0%         N/A       98%         2
 Call Canine Familiar     Summ           0%         N/A       100%        3
 Confusing Touch          Hex            0%         N/A       100%        3
 Frozen Ramparts          Ice            0%         1d1       100%        3
 Hailstorm                Conj/Ice       0%         3d3       100%        3
 Ignite Poison            Fire/Tmut/Pois 0%         N/A       100%        3
 Inner Flame              Hex/Fire       0%         N/A       100%        3
 Spider Form              Tmut/Pois      0%         N/A       100%        3
 Summon Guardian Golem    Hex/Summ       0%         N/A       100%        3
 Tukima's Dance           Hex            0%         N/A       100%        3
 Vampiric Draining        Necr           0%         2d6       100%        3
 Vhi's Electric Charge    Tloc/Air       0%         N/A       100%        3
 Cause Fear               Hex            0%         N/A       100%        4
 Fulminant Prism          Conj/Hex       0%         3d5       100%        4
 Passage of Golubria      Tloc           0%         N/A       100%        4
 Petrify                  Tmut/Erth      0%         N/A       100%        4
 Sticky Flame             Conj/Fire      0%         2d3       100%        4
 Alistair's Intoxication  Tmut/Pois      0%         N/A       100%        5
 Arcjolt                  Conj/Air       0%         1d10      100%        5
 Irradiate                Conj/Tmut      0%         3d11      100%        5
 Lightning Bolt           Conj/Air       0%         1d11      100%        5
 Yara's Violent Unravell  Hex/Tmut       0%         3d3       100%        5
 Discord                  Hex            0%         N/A       100%        8
 Ignition                 Fire           0%         3d3       100%        8


Dungeon Overview and Level Annotations

Branches:
Dungeon (10/15)            Temple (1/1) D:6            Lair (3/5) D:10
 Shoals (0/4) Lair:3       Spider (0/4) Lair:3          Orc (0/2) D:9
Volcano (visited)         Gauntlet (visited)

Altars:
Ashenzari
Cheibriados
Dithmenos
Elyvilon
Fedhas
Gozag
Hepliaklqana
Kikubaaqudgha
Makhleb
Nemelex Xobeh
Okawaru
Qazlal
Ru
Sif Muna
Uskayaw
Wu Jian
Xom
Yredelemnul
Zin
The Shining One
Lugonu

Shops:
D:2 [   D:7 ?   D:8 ???   D:10 ?

Annotations:
Lair:1 3 runed translucent doors, indyram44's ghost, journeyman DsFi
Lair:3 Gastronok


Message History

The merfolk appears confused.
The explosion of spores engulfs the merfolk!
You kill the merfolk!
Fedhas appreciates your contribution to the ecosystem.
The merfolk hits you but does no damage.
Something bites your ballistomycete!!
Your ballistomycete is destroyed!
Your ballistomycete disappears in a puff of smoke!
The merfolk barely misses you.
Training target 7.0 for Shields reached!
Your Shields skill increases to level 7!
A ballistomycete spore comes into view.
You barely miss your ballistomycete spore.
You closely miss the merfolk.
Your ballistomycete spore explodes!
Fedhas protects your plant from harm. The explosion of spores engulfs you!!
You are more confused.
* * * LOW HITPOINT WARNING * * *
Fedhas protects your plant from harm. The merfolk hits you with a +0 trident!
* * * LOW HITPOINT WARNING * * *
A ballistomycete spore comes into view.
You feel much better. The merfolk barely misses you.
Gastronok chants a spell, wobbling all the while.
A ballistomycete spore comes into view.
You are too confused!
Unknown command.
You feel better.
Your ballistomycete spore explodes!
The explosion of spores engulfs you!!
You are confused.
* * * LOW HITPOINT WARNING * * *
Fedhas protects your plant from harm. x2
The merfolk closely misses you. The bat hits your ballistomycete spore.
Your ballistomycete spore explodes!
The explosion of spores engulfs you!!
You are more confused.
You die...
Fedhas appreciates your contribution to the ecosystem.

**~*,##...........
*~>,#............
**~*,#..#.......#.
*~~,##........#.,.
##~,,#...........*.
#.~,##.....#.....,.
##~,,#....#.......,,
##(m###......P....,,,
#..)@*#......#.#.,,,,
###.P)*b.#.#.#.#.,,,,
#####....w..((..,,,
##.##..##.##,,*
###*#.#**#**** *##


You could see Gastronok (swift), a merfolk (ally target), a bat (summoned, ally
target), a friendly ballistomycete (summoned) and 2 friendly ballistomycete
spores.

Vanquished Creatures
  A minotaur (Gauntlet)
  A dire elephant (Gauntlet)
  A hydra (Lair:2)
  10 death yaks
  5 two-headed ogres
  Nergalle (Lair:3)
  2 skeletal warriors (Volcano)
  A large abomination (Gauntlet)
  An anaconda skeleton (Volcano)
  A manticore (D:9)
  2 black mambas
  2 merfolk sirens (Lair:3)
  An ice statue (Gauntlet)
  6 elephants
  4 gargoyles (Volcano)
  Joseph (D:7)
  3 cane toads
  4 komodo dragons
  3 rime drakes
  A merfolk (Lair:3)
  4 trolls
  A meliai (Lair:3)
  A polar bear (Lair:1)
  A hornet (D:9)
  5 blink frogs (Lair:2)
  4 harpy skeletons (Volcano)
  3 flying skulls (Volcano)
  An alligator skeleton (Volcano)
  2 shadows (D:10)
  4 wyverns
  17 yaks
  A wraith (D:10)
  Eustachio (D:6)
  7 basilisks
  4 vampire mosquitoes (D:9)
  Menkaure (D:6)
  A steam dragon (D:10)
  2 acid dragons
  4 small abominations (Gauntlet)
  4 water moccasins
  4 orc warriors
  A sky beast (D:8)
  A black bear (D:6)
  2 ice beasts
  6 wolves (Lair:3)
  4 ogres
  A tengu (D:7)
  6 centaurs
  3 kobold brigands
  13 bullfrogs
  3 scorpions
  A jelly (D:5)
  9 wights (D:9)
  10 killer bees
  2 spriggan skeletons (Volcano)
  2 howler monkeys (D:7)
  3 troll skeletons (Volcano)
  A crimson imp (D:10)
  5 hounds
  7 orc priests
  3 gnoll boudas
  2 iguanas
  7 orc wizards
  6 adders
  32 gnolls
  3 shadow imps
  3 white imps
  An ufetubus (D:6)
  3 dart slugs
  44 orcs
  11 ball pythons
  10 endoplasms
  2 giant cockroaches
  12 goblins
  6 hobgoblins
  5 jackals
  4 quokkas
  8 bats
  3 frilled lizards (D:2)
  18 kobolds
  5 rats
391 creatures vanquished.

Vanquished Creatures (collateral kills)
  A steam dragon (D:10)
  A small abomination (Gauntlet)
  27 ballistomycete spores
29 creatures vanquished.

Vanquished Creatures (others)
  29 demonic plants (Gauntlet)
  A fungus (Lair:2)
  49 plants
  11 toadstools (D:8)
90 creatures vanquished.

Grand Total: 510 creatures vanquished

Notes
Turn   | Place    | Note
-------+----------+-------------------------------------------
     0 | D:1      | NinjaNoafa the Hill Orc Fighter began the quest for the
                  | Orb.
     0 | D:1      | Reached XP level 1. HP: 19/19 MP: 1/1
    46 | D:1      | Reached skill level 3 in Axes
   130 | D:1      | Reached XP level 2. HP: 26/26 MP: 2/2
   240 | D:1      | Reached skill level 4 in Axes
   635 | D:2      | Reached XP level 3. HP: 32/33 MP: 3/3
   976 | D:2      | Reached XP level 4. HP: 38/40 MP: 4/4
  1006 | D:2      | Found Jaliut's Armour Emporium.
  1832 | D:4      | Found a blossoming altar of Fedhas.
  1838 | D:4      | Found a hazy altar of Hepliaklqana.
  1839 | D:4      | Became a worshipper of Fedhas Madash
  1844 | D:4      | Reached skill level 5 in Axes
  1844 | D:4      | Reached XP level 5. HP: 47/47 MP: 5/5
  1888 | D:4      | Reached skill level 5 in Fighting
  1901 | D:4      | HP: 2/48 [hound (1)]
  1910 | D:4      | HP: 1/48 [hound (2)]
  1919 | D:4      | Reached XP level 6. HP: 3/56 MP: 6/6
  2313 | D:4      | Reached * piety under Fedhas
  2543 | D:5      | Entered Level 5 of the Dungeon
  2571 | D:5      | Reached skill level 5 in Armour
  2680 | D:5      | Reached skill level 6 in Axes
  2680 | D:5      | Reached XP level 7. HP: 34/61 MP: 7/7
  2774 | D:5      | Reached skill level 7 in Axes
  2835 | D:5      | Reached skill level 8 in Axes
  2845 | D:5      | Found a shimmering blue altar of Sif Muna.
  2846 | D:5      | Found a sacrificial altar of Ru.
  2847 | D:5      | Found a glowing silver altar of Zin.
  2928 | D:5      | Found an opulent altar of Gozag.
  3013 | D:5      | You fall into a shaft and drop 3 floors!
  3014 | D:8      | Found a sparkling altar of Nemelex Xobeh.
  3087 | D:8      | Reached skill level 1 in Invocations
  3102 | D:8      | Found a broken altar of Ashenzari.
  3125 | D:8      | Found Sisay's Magic Scroll Emporium.
  3129 | D:8      | Bought a scroll of identify for 24 gold pieces
  3129 | D:8      | Bought a scroll of identify for 24 gold pieces
  3129 | D:8      | Bought a scroll of teleportation for 36 gold pieces
  3133 | D:8      | Bought a scroll of brand weapon for 114 gold pieces
  3133 | D:8      | Bought a scroll of immolation for 48 gold pieces
  3180 | D:8      | Found Sumois's Magic Scroll Shop.
  3243 | D:8      | Reached skill level 1 in Evocations
  3270 | D:8      | Reached XP level 8. HP: 44/69 MP: 8/10
  3271 | D:8      | Found Vadwomay's Magic Scroll Shop.
  3451 | D:7      | Found Ykkouwyh's Magic Scroll Shoppe.
  3524 | D:7      | Bought a scroll of noise for 10 gold pieces
  3543 | D:7      | Reached ** piety under Fedhas
  3638 | D:8      | Reached skill level 5 in Invocations
  3789 | D:7      | Noticed Joseph
  3935 | D:8      | Reached skill level 9 in Axes
  3962 | D:8      | Reached *** piety under Fedhas
  4037 | D:7      | Bought a scroll of fear for 40 gold pieces
  4037 | D:7      | Bought a scroll of identify for 20 gold pieces
  4037 | D:7      | Bought a scroll of identify for 20 gold pieces
  4154 | D:7      | Noticed a wyvern
  4162 | D:6      | Killed a wyvern
  4163 | D:6      | Reached skill level 10 in Axes
  4163 | D:6      | Reached XP level 9. HP: 62/74 MP: 13/13
  4172 | D:6      | Found an ancient bone altar of Kikubaaqudgha.
  4312 | D:6      | Noticed Menkaure
  4319 | D:6      | Killed Menkaure
  4529 | D:6      | Noticed Eustachio
  4638 | D:6      | Killed Eustachio
  4639 | D:6      | Reached skill level 11 in Axes
  4801 | D:6      | Found a staircase to the Ecumenical Temple.
  4816 | Temple   | Entered the Ecumenical Temple
  5196 | D:7      | Identified the +8 chain mail of Beogh, Jumping {rF+ rN+
                  | Will- Stlth+}
  5296 | D:7      | Killed Joseph
  5324 | D:7      | Reached skill level 1 in Dodging
  5361 | D:7      | Reached XP level 10. HP: 80/83 MP: 16/16
  5794 | D:7      | Reached skill level 5 in Shields
  5929 | D:9      | Identified the +0 robe "Otocvoocw" {+Blink}
  5948 | D:9      | Reached skill level 5 in Evocations
  6080 | D:9      | Found a snail-covered altar of Cheibriados.
  6110 | D:9      | Reached **** piety under Fedhas
  6112 | D:9      | Reached skill level 12 in Axes
  6274 | D:8      | Found an iron altar of Okawaru.
  6614 | D:9      | Reached skill level 13 in Axes
  6687 | D:9      | Found an ornate altar of the Wu Jian Council.
  6813 | D:9      | Noticed a two-headed ogre
  6933 | D:9      | Found a staircase to the Orcish Mines.
  6959 | D:9      | Reached skill level 10 in Invocations
  6992 | D:9      | Noticed a manticore
  7039 | D:9      | Killed a manticore
  7173 | D:9      | Killed a two-headed ogre
  7174 | D:9      | Reached skill level 14 in Axes
  7174 | D:9      | Reached XP level 11. HP: 47/89 MP: 17/19
  7408 | D:10     | Entered Level 10 of the Dungeon
  7515 | D:7      | Bought a scroll of identify for 20 gold pieces
  7515 | D:7      | Bought a scroll of enchant weapon for 75 gold pieces
  7535 | D:8      | Bought a scroll of identify for 24 gold pieces
  7535 | D:8      | Bought a scroll of fog for 48 gold pieces
  7572 | D:8      | Bought a scroll of identify for 30 gold pieces
  7668 | D:10     | Noticed a two-headed ogre
  7690 | D:10     | Killed a two-headed ogre
  7831 | D:10     | Found a burning altar of Makhleb.
  7832 | D:10     | Found a shimmering altar of Xom.
  7857 | D:10     | Noticed a two-headed ogre
  7867 | D:10     | Killed a two-headed ogre
  7869 | D:10     | Noticed a two-headed ogre
  7881 | D:10     | Noticed a death yak
  7882 | D:10     | Noticed a death yak
  7885 | D:10     | Noticed a death yak
  7886 | D:10     | Killed a two-headed ogre
  7887 | D:10     | Noticed a death yak
  7892 | D:10     | Noticed a death yak
  7930 | D:10     | Found a staircase to the Lair.
  7931 | D:10     | Noticed a two-headed ogre
  7941 | Lair:1   | Entered Level 1 of the Lair of Beasts
  8288 | Lair:1   | Found a runed translucent gate.
  8288 | Lair:1   | Found a runed translucent gate.
  8288 | Lair:1   | Found a runed translucent gate.
  8288 | Lair:1   | Noticed indyram44's ghost (journeyman DsFi)
  8515 | Lair:2   | Found a gate leading to a gauntlet.
  8524 | Gauntlet | Entered a Gauntlet
  8524 | Gauntlet | Found a transporter.
  8533 | Gauntlet | Found a transporter.
  8548 | Gauntlet | Found a transporter.
  8553 | Gauntlet | Found a transporter.
  8553 | Gauntlet | Noticed a wretched star
  8568 | Gauntlet | Found a transporter.
  8587 | Gauntlet | Found a transporter.
  8589 | Gauntlet | Noticed a glowing orange brain
  8589 | Gauntlet | Found the +8 longbow "Zephyr" {speed, Dex+3 SInv}
  8591 | Gauntlet | Noticed a brown ugly thing
  8595 | Gauntlet | Found a large runed translucent door.
  8596 | Gauntlet | Found a large runed translucent door.
  8596 | Gauntlet | Noticed a great orb of eyes
  8597 | Gauntlet | Found a large runed translucent door.
  8597 | Gauntlet | Found a large runed translucent door.
  8597 | Gauntlet | Noticed a purple ugly thing
  8598 | Gauntlet | Found a runed translucent gate.
  8599 | Gauntlet | Found a transporter.
  8599 | Gauntlet | Found a runed translucent gate.
  8600 | Gauntlet | Found a runed translucent gate.
  8601 | Gauntlet | Found a large runed translucent door.
  8601 | Gauntlet | Found a large runed translucent door.
  8602 | Gauntlet | Found a large runed translucent door.
  8603 | Gauntlet | Found a large runed translucent door.
  8607 | Gauntlet | Noticed a dire elephant
  8613 | Gauntlet | Found a large runed translucent door.
  8613 | Gauntlet | Found a large runed translucent door.
  8613 | Gauntlet | Found a runed translucent door.
  8613 | Gauntlet | Found a runed translucent door.
  8614 | Gauntlet | Found a large runed translucent door.
  8615 | Gauntlet | Found a large runed translucent door.
  8617 | Gauntlet | Found a transporter.
  8623 | Gauntlet | Found a transporter.
  8632 | Gauntlet | Found a transporter.
  8634 | Gauntlet | Noticed a green death
  8644 | Gauntlet | Found a transporter.
  8646 | Gauntlet | Noticed a six-headed hydra
  8661 | Gauntlet | Found a transporter.
  8679 | Gauntlet | Found a transporter.
  8681 | Gauntlet | Found a transporter.
  8690 | Gauntlet | Noticed a large abomination
  8708 | Gauntlet | Found a transporter.
  8728 | Gauntlet | Found a transporter.
  8790 | Gauntlet | Noticed a glowing orange brain
  8802 | Gauntlet | Found a large runed translucent door.
  8802 | Gauntlet | Found a large runed translucent door.
  8803 | Gauntlet | Found a large runed translucent door.
  8804 | Gauntlet | Found a large runed translucent door.
  8844 | Gauntlet | Found a transporter.
  8938 | Gauntlet | Found a transporter.
  9443 | Gauntlet | Killed a large abomination
  9451 | Gauntlet | Reached XP level 12. HP: 90/100 MP: 12/20
  9526 | Gauntlet | Killed a dire elephant
  9527 | Gauntlet | Reached skill level 15 in Axes
  9552 | Gauntlet | Identified the +2 pair of boots of Gestures {-Tele Str+2
                  | Dex+2}
  9622 | Gauntlet | Identified the ring "Touly" {Ice *Slow rElec rPois Will++}
  9622 | Gauntlet | Noticed a minotaur
  9652 | Gauntlet | Killed a minotaur
 10183 | Lair:2   | Noticed a seven-headed hydra
 10219 | Lair:2   | HP: 2/106 [seven-headed hydra (7)]
 10228 | Lair:2   | Killed a seven-headed hydra
 10229 | Lair:2   | Reached skill level 10 in Fighting
 10382 | D:10     | Killed a two-headed ogre
 10442 | D:10     | Reached skill level 10 in Armour
 10446 | D:10     | Killed a death yak
 10457 | D:10     | Killed a death yak
 10461 | D:10     | Killed a death yak
 10464 | D:10     | Killed a death yak
 10469 | D:10     | Killed a death yak
 10470 | D:10     | Reached XP level 13. HP: 78/113 MP: 19/22
 10503 | D:10     | Found Eclia's Magic Scroll Shop.
 10508 | D:10     | Bought a scroll of enchant armour for 112 gold pieces
 10518 | D:10     | Reached skill level 16 in Axes
 11381 | Lair:3   | Reached skill level 1 in Throwing
 11398 | Lair:3   | Identified the +0 helmet of Kaefrer {Str+4}
 11441 | Lair:3   | Noticed Nergalle
 11459 | Lair:3   | Killed Nergalle
 11526 | Lair:3   | Reached ***** piety under Fedhas
 11530 | Lair:3   | Found a hole to the Spider Nest.
 11593 | Lair:3   | Found a dark tunnel.
 11599 | Volcano  | Entered a volcano
 12142 | Lair:3   | Upgraded the game from 0.30-a0-760-g5a9884bb7c to
                  | 0.30-a0-772-g5528072125
 12361 | Lair:3   | Noticed Gastronok
 12389 | Lair:3   | Killed by an exploding ballistomycete spore... set off by
                  | their pet

Illustrated notes

Levels and vault maps discovered:
D:1:      nagdon_arrival_zigzag_paths, layout_basic, grunt_decor_fettered
D:2:      layout_loops_ring, serial_bayou, serial_bayou_pond_c,
          serial_bayou_pond_d, serial_bayou_pond_e, serial_bayou_pond_a,
          serial_bayou_pond_b, serial_bayou_shore_a, serial_shops, shop
D:3:      layout_loops_ring
D:4:      layout_basic, overflow_temple_1_default, amcnicky_altar_gilded,
          hangedman_decor_points, chequers_serial_rivers_room_a,
          serial_bayou_pond_c, nicolae_grassy_gnolls
D:5:      layout_basic, mainiacjoe_overflow_small_starburst,
          chequers_temple_overflow_statue_of_worship
D:6:      layout_loops_corners, overflow_temple_1_default,
          mainiacjoe_overflow_boulevard, minmay_temple_entry_wispy, minivault_5,
          uniq_duvessa, uniq_menkaure, uniq_eustachio
D:7:      layout_basic, hex_tiny, nicolae_take_the_stairs, uniq_joseph
D:8:      cheibrodos_fertilizer, layout_basic, okawaru_altar_gauntlet_db,
          nicolae_ashenzari_skybound, mainiacjoe_overflow_alcove_2,
          serial_shops, nicolae_lakefront_shop, shop, kennysheep_little_box,
          special_room [special_room_orc], serial_bayou_pond_e
D:9:      minmay_bloctagon, layout_basic, mainiacjoe_overflow_brackets,
          kennysheep_slug_shrine, amcnicky_mini_corridor_feature
D:10:     kennysheep_ambush_hall, layout_stronghold,
          grunt_temple_overflow_champion_of_chaos, dpeg_lair_monsters,
          serial_shops, nicolae_shop_advertising_works
          [nicolae_subvault_shop_adworks], serial_column_ruins,
          column_ruins_hut_pillars, column_ruins_circle_small,
          column_ruins_open_large, column_ruins_grid_1, column_ruins_grid_1,
          column_ruins_columns_dead_end, column_ruins_columns_T,
          minmay_fountain_box, hangedman_abyss_or_decor_lesser_grid
Temple:   corrupted_temple
Lair:1:   layout_regular_city, gammafunk_ghost_ooze
Lair:2:   layout_long_grid, gauntlet_entry_generic
Lair:3:   layout_long_grid, elwin_shoals_entry_stream,
          hellmonk_spider_entry_not_the_bees, enter_volcano_1,
          kennysheep_snail_temple, serial_bayou_shore_b, grunt_megastairs_2,
          uniq_nergalle, uniq_gastronok

Skill      XL: |  1  2  3  4  5  6  7  8  9 10 11 12 13 |
---------------+----------------------------------------+-----
Axes           | 3 4 5 6 8 10 11 14 15 16 | 16.0
Fighting       | 4 5 6 7 10 | 10.7
Armour         | 4 5 6 7 10 | 10.6
Shields        | 4 5 6 7 |  7.0
Invocations    | 2 6 8 11 13 14 | 14.3
Evocations     | 1 4 5 6 7 |  7.9
Dodging        | 1 2 3 4 |  4.0
Throwing       | 4 |  4.4

Action                     |  1- 3 |  4- 6 |  7- 9 | 10-12 | 13-15 || total
---------------------------+-------+-------+-------+-------+-------++-------
  Melee: War axe           |   122 |   171 |   244 |   472 |   279 ||  1288
         Battleaxe         |       |       |       |     6 |       ||     6
         Trident           |       |       |       |     9 |       ||     9
  Throw: Boomerang         |       |     5 |     7 |    16 |       ||    28
         Javelin           |       |       |       |       |    10 ||    10
 Invoke: Wall of Briars    |       |       |     1 |     4 |     1 ||     6
         Overgrow          |       |       |       |     2 |       ||     2
         Grow Ballistomyce |       |       |       |     3 |     3 ||     6
  Evoke: Wand              |       |       |     1 |    11 |       ||    12
         Phantom mirror    |       |       |       |     1 |       ||     1
         Condenser vane    |       |       |       |     1 |       ||     1
    Use: Potion            |       |     3 |     2 |     4 |     5 ||    14
         Scroll            |       |       |     9 |    14 |     4 ||    27
   Stab: Confused          |       |       |       |     6 |       ||     6
 Armour: Scale mail        |    22 |       |       |       |       ||    22
         Chain mail        |    60 |    92 |   166 |   330 |   160 ||   808
  Dodge: Dodged            |    56 |    60 |   102 |   189 |   127 ||   534
  Block: Buckler           |    33 |    37 |    60 |   140 |    74 ||   344
         Reflection        |       |       |       |     2 |     1 ||     3

Table legend: (Time is in decaauts)
 A = Elapsed time spent in this place.
 B = Non-inter-level travel time spent in this place.
 C = Inter-level travel time spent in this place.
 D = Time resting spent in this place.
 E = Time spent auto-exploring this place.
 F = Levels seen in this place.
 G = Mean time per level.
                   A        B        C        D        E       F      G
               +--------+--------+--------+--------+--------+-----+--------+
         Total |  12413 |  10292 |   2121 |    306 |   2611 |  16 |  775.8 |
       Dungeon |   8969 |   7195 |   1774 |     67 |   1832 |  10 |  896.9 |
        Temple |     21 |     10 |     11 |      0 |      0 |   1 |   21.0 |
          Lair |   1690 |   1354 |    336 |     33 |    247 |   3 |  563.3 |
       Volcano |    515 |    515 |      0 |     47 |    177 |   1 |  515.0 |
      Gauntlet |   1217 |   1217 |      0 |    159 |    355 |   1 | 1217.0 |
               +--------+--------+--------+--------+--------+-----+--------+

Top non-repeatable levels by time:
     D:8: 1608 daAuts
     D:9: 1326 daAuts
Gauntlet: 1217 daAuts
    D:10: 1020 daAuts
     D:6: 821 daAuts
     D:7: 809 daAuts
     D:4: 708 daAuts
     D:5: 708 daAuts
  Lair:1: 690 daAuts
     D:2: 676 daAuts
     D:3: 663 daAuts
     D:1: 627 daAuts
  Lair:2: 528 daAuts
 Volcano: 515 daAuts
  Lair:3: 470 daAuts
